 Dungeon Crawl Stone Soup version 0.28.0-53-g5a82cb258f (webtiles) character file.

Game seed: 2773389559513246499

132 pkoi the Ruffian (level 4, 0/36 HPs)
             Began as a Demigod Gladiator on May 25, 2022.
             Slain by a gnoll
             ... wielding a +0 whip
              (9 damage)
             ... on level 3 of the Dungeon.
             The game lasted 00:03:41 (3032 turns).

pkoi the Ruffian (Demigod Gladiator)                Turns: 3032, Time: 00:03:42

Health: 0/36       AC:  4    Str: 19    XL:     4   Next: 62%
Magic:  6/6        EV: 13    Int: 10    God:
Gold:   128        SH:  0    Dex: 15    Spells: 3/3 levels left

rFire   + . .      SeeInvis .   n - +1 dagger (venom)
rCold   . . .      Faith    .   (no shield)
rNeg    . . .      Spirit   .   o - +1 robe {rF+}
rPois   .          Reflect  .   b - +0 helmet
rElec   .          Harm     .   (no cloak)
rCorr   .          Rampage  .   (no gloves)
Will    .....                   (no boots)
Stlth   +.........              (no amulet)
HPRegen 0.12/turn               (no ring)
MPRegen 0.10/turn               (no ring)

@: no status effects
A: high MP 1, forlorn, divine attributes
a: no special abilities


You were on level 3 of the Dungeon.
You visited 1 branch of the dungeon, and saw 3 of its levels.

You collected 128 gold pieces.

Inventory:

Hand Weapons
 h - a +1 whip
 n - a +1 dagger of venom (weapon)
Missiles
 c - 2 throwing nets (quivered)
 l - 3 boomerangs
Armour
 a - a +0 leather armour
 b - a +0 helmet (worn)
 d - a +0 chain mail
 o - a +1 robe of fire resistance (worn)
Jewellery
 g - a ring of willpower
 i - a +4 ring of slaying
Potions
 e - a potion of curing
 j - a potion of might {unknown}
 k - a potion of haste {unknown}
 m - a potion of ambrosia {unknown}
 p - 2 potions of brilliance {unknown}


   Skills:
 - Level 1.7 Fighting
 - Level 1.7 Throwing
 - Level 2.7 Dodging
 * Level 4.7 Unarmed Combat
 + Level 1.6 Evocations


You had 3 spell levels left.
You didn't know any spells.
Your spell library was empty.

Dungeon Overview and Level Annotations

Branches:
Dungeon (3/15)


Innate Abilities, Weirdness & Mutations

You have an increased reservoir of magic. (+10% MP)
You shall have no god before yourself.
Your divine heritage dramatically boosts your attributes as you level up.


Message History

The gnoll is moderately wounded.
The gnoll barely misses you.
You hit the gnoll but do no damage.
The gnoll looks as sick as possible!
The gnoll is moderately wounded.
The gnoll barely misses you.
You closely miss the gnoll.
The gnoll is heavily wounded.
The gnoll barely misses you.
You hit the gnoll.
The gnoll looks as sick as possible!
You punch the gnoll.
You kill the gnoll!
The bat barely misses you. The bat hits you but does no damage.
You hit the bat but do no damage.
The bat is poisoned.
The bat hits you but does no damage.
You hit the bat but do no damage.
The bat looks as sick as possible!
You kill the bat!
You hit the gnoll but do no damage. The gnoll hits you with a +0 whip.
* * * LOW HITPOINT WARNING * * *
You closely miss the gnoll. The gnoll barely misses you.
You barely miss the gnoll. The gnoll closely misses you.
You completely miss the gnoll. The gnoll closely misses you.
You hit the gnoll but do no damage.
The gnoll is poisoned.
The gnoll hits you with a +0 whip!
* * * LOW HITPOINT WARNING * * *
You hit the gnoll.
The gnoll is heavily wounded.
The gnoll hits you with a +0 whip.
* * * LOW HITPOINT WARNING * * *
You hit the gnoll.
The gnoll looks even sicker.
The gnoll is almost dead.
You kill the gnoll!
You hit the gnoll.
The gnoll is moderately wounded.
The gnoll hits you with a +0 whip.
* * * LOW HITPOINT WARNING * * *
You hit the gnoll.
The gnoll is heavily wounded.
The gnoll hits you with a +0 whip.
* * * LOW HITPOINT WARNING * * *
You feel better. The gnoll hits you with a +0 whip!
You die...

#.####.###...............##
#. ##.#.#.##.###...)...## .
##.##.##.# #.......#.
..........##.##.#
#...>..... ##
..########.##.# #.......#.
##...#.# #.......#.
#......# #.......#.
#####....(.# ####.####.
#.)..g@....######.# #.
#)####............# #. #.#
##.#.############. #g#
###.# #.....##. #)#
####.#####.#......


gbg #.....>......#.### .#..#....#######.###.# .#..#..#.$ #...[†# .#..#..#g.
####### You could see a gnoll.

Vanquished Creatures
  Jessica (D:3)
  3 gnolls (D:3)
  2 adders
  2 dart slugs
  5 orcs (D:3)
  4 bats
  9 endoplasms
  A giant cockroach (D:2)
  3 goblins
  3 hobgoblins
  4 jackals (D:1)
  2 quokkas
  2 ball pythons (D:1)
  2 kobolds
  5 rats
48 creatures vanquished.

Notes
Turn   | Place    | Note
-------+----------+-------------------------------------------
     0 | D:1      | pkoi the Demigod Gladiator began the quest for the Orb.
     0 | D:1      | Reached XP level 1. HP: 17/17 MP: 3/3
   480 | D:1      | Reached skill level 3 in Unarmed Combat
   495 | D:1      | Noticed a crimson imp
   553 | D:1      | Reached XP level 2. HP: 19/24 MP: 4/4
  1625 | D:2      | Reached XP level 3. HP: 29/29 MP: 5/5
  2269 | D:3      | Reached skill level 4 in Unarmed Combat
  2689 | D:3      | Reached skill level 1 in Evocations
  2726 | D:3      | Noticed Jessica
  2740 | D:3      | Killed Jessica
  2741 | D:3      | Reached XP level 4. HP: 30/36 MP: 6/6
  3028 | D:3      | HP: 1/36 [gnoll/+0 whip (4)]
  3032 | D:3      | Slain by a gnoll

Illustrated notes

Levels and vault maps discovered:
D:1:      lightli_arrival_statuegarden, layout_loops_corners,
          dreamdust_ecumenical_altar_sealed_demon
D:2:      layout_loops_cross, minmay_crystal_room, nicolae_figureground_sparkle
D:3:      layout_loops_ring, kennysheep_ying_yang, minmay_misc_feat_diagonals,
          uniq_jessica

Skill      XL: |  1  2  3 |
---------------+----------+-----
Unarmed Combat | 3 4 |  4.7
Evocations     | 1 |  1.6
Fighting       | |  1.7
Throwing       | |  1.7
Dodging        | |  2.7

Action                   |  1- 3 |  4- 6 || total
-------------------------+-------+-------++-------
Melee: Unarmed           |   139 |       ||   139
       Punch             |     6 |     1 ||     7
       Dagger            |    22 |    22 ||    44
Throw: Throwing net      |       |     1 ||     1
  Use: Scroll            |     2 |     1 ||     3
       Potion            |       |     1 ||     1
 Stab: Sleeping          |       |     1 ||     1
Armor: Chain mail        |    93 |       ||    93
       Robe              |       |     3 ||     3
Dodge: Dodged            |    72 |    12 ||    84
